 Dungeon Crawl Stone Soup version 0.28.0-53-g5a82cb258f (webtiles) character file.

Game seed: 15704333775470170500

74 protoss039 the Digger (level 4, 33/33 HPs)
             Began as a Demonspawn Earth Elementalist on June 1, 2022.
             Got out of the dungeon alive.
             The game lasted 00:03:36 (2304 turns).

protoss039 the Digger (DsEE)                        Turns: 2304, Time: 00:03:37

Health: 33/33      AC:  3    Str:  8    XL:     4   Next: 10%
Magic:  7/7        EV: 12    Int: 18    God:
Gold:   25         SH:  0    Dex: 14    Spells: 1/7 levels left

rFire   . . .      SeeInvis .   e - +0 dagger
rCold   . . .      Faith    .   (no shield)
rNeg    . . .      Spirit   .   b - +0 robe
rPois   .          Reflect  .   (helmet restricted)
rElec   .          Harm     .   (no cloak)
rCorr   .          Rampage  .   d - +0 pair of gloves
Will    .....                   (no boots)
Stlth   ++........              (no amulet)
HPRegen 0.11/turn               l - ring of wizardry
MPRegen 0.10/turn               (no ring)

@: no status effects
A: horns 1, sturdy frame 1
a: no special abilities


You escaped.
You visited 1 branch of the dungeon, and saw 2 of its levels.

You collected 25 gold pieces.

Inventory:

Hand Weapons
 e - a +0 dagger (weapon)
Missiles
 c - 13 stones
Armour
 b - a +0 robe (worn)
 d - a +0 pair of gloves (worn)
Jewellery
 l - a ring of wizardry (left hand)
Scrolls
 h - 2 scrolls of identify {unknown}
 i - a scroll of amnesia {unknown}
 k - 2 scrolls of enchant armour {unknown}
 m - a scroll of blinking {unknown}
 n - a scroll of silence {unknown}
Potions
 a - a potion of mutation {unknown}
 f - a potion of brilliance {unknown}
 g - a potion of ambrosia {unknown}
 j - a potion of might {unknown}


   Skills:
 * Level 2.1 Fighting
 + Level 1.1 Armour
 - Level 1.7 Dodging
 - Level 1.7 Stealth
 + Level 2.4 Spellcasting
 * Level 0.4 Conjurations
 - Level 1.0 Transmutations
 + Level 3.1 Earth Magic


You had one spell level left.
You knew the following spells:

 Your Spells              Type           Power      Damage    Failure   Level
a - Sandblast             Erth           26%        2d8       1%          1
b - Passwall              Tmut/Erth      7%         N/A       4%          2
c - Stone Arrow           Conj/Erth      16%        3d8       10%         3

Your spell library contained the following spells:

 Spells                   Type           Power      Damage    Failure   Level
 Petrify                  Tmut/Erth      9%         N/A       28%         4


Dungeon Overview and Level Annotations

Branches:
Dungeon (2/15)

Altars:


Innate Abilities, Weirdness & Mutations

You have a pair of small horns on your head.
Your movements are slightly less encumbered by armour. (ER -2)


Message History

Aim: a ball python (77% to hit)
The blast of sand hits the ball python.
You kill the ball python!
Unknown command.
No target in view!
h - 2 scrolls labelled JEAMUS ENKA (gained 1)
An adder is nearby!
An adder is nearby!
Casting: Sandblast (safe; 1% risk of failure)
Confirm with . or Enter, or press ? or * to list all spells.
Aiming: Sandblast (safe; 1% risk of failure)
Press: ? - help, Shift-Dir - straight line, f - you
Okay, then.
Casting: Sandblast (safe; 1% risk of failure)
Confirm with . or Enter, or press ? or * to list all spells.
Aiming: Sandblast (safe; 1% risk of failure)
Press: ? - help, Shift-Dir - straight line, f - adder
Aim: an adder (asleep, 100% to hit)
The blast of sand hits the adder!
The adder is almost dead.
The adder hisses angrily.
Casting: Sandblast (safe; 1% risk of failure)
Confirm with . or Enter, or press ? or * to list all spells.
Aiming: Sandblast (safe; 1% risk of failure)
Press: ? - help, Shift-Dir - straight line, f/p - adder
Aim: an adder (almost dead, 66% to hit)
The blast of sand hits the adder.
You kill the adder!
You have reached level 4!
You feel agile.
Your demonic ancestry asserts itself...
A pair of horns grows on your head!
Unknown command.
You see here a +0 dagger.
There is a stone staircase leading up here.
You climb upwards.
There is a stone staircase leading down here.
Magic restored.
There is a staircase leading out of the dungeon here.
Are you sure you want to leave the Dungeon?
This will make you lose the game!
You have escaped!

### ###.#.##
#....#.#. ..#
#...#.# #....###.
#.# ##..#.#
###...##.#. #.#
#....# #....##..#.
#.# ##.###
#....#...#. #.#
###.# ##......###.
..# #.#.#
#........##. ..#
#...# #...†.....#.
..# #.@.##
#.......###. ..#
#....###......#.##.
..#
##...##....##.###..
..####
##........#### ###
.....# ##.....###
#.. ####.# #######
#.# #.# #.. #.# ##.
####.######### #.


There were no monsters in sight!

Vanquished Creatures
  A hound (D:2)
  2 adders (D:2)
  2 endoplasms
  A giant cockroach (D:2)
  2 goblins
  3 hobgoblins (D:1)
  3 jackals (D:2)
  A quokka (D:1)
  2 ball pythons
  3 bats
  4 frilled lizards
  A kobold (D:1)
  5 rats
30 creatures vanquished.

Notes
Turn   | Place    | Note
-------+----------+-------------------------------------------
     0 | D:1      | protoss039 the Demonspawn Earth Elementalist began the
                  | quest for the Orb.
     0 | D:1      | Reached XP level 1. HP: 13/13 MP: 3/3
   145 | D:1      | Reached skill level 1 in Transmutations
   794 | D:1      | Found a faded altar of an unknown god.
   888 | D:1      | You fall into a shaft and drop 1 floor!
   954 | D:2      | Gained mutation: Your movements are slightly less
                  | encumbered by armour. (ER -2) [demonic ancestry]
   954 | D:2      | Reached XP level 2. HP: 18/20 MP: 5/5
   998 | D:2      | Reached skill level 1 in Fighting
  1683 | D:1      | Learned a level 2 spell: Passwall
  1732 | D:2      | Reached skill level 1 in Armour
  1732 | D:2      | Reached skill level 3 in Earth Magic
  1732 | D:2      | Reached XP level 3. HP: 24/27 MP: 0/6
  1736 | D:2      | Learned a level 3 spell: Stone Arrow
  2252 | D:2      | Gained mutation: You have a pair of small horns on your
                  | head. [demonic ancestry]
  2252 | D:2      | Reached XP level 4. HP: 33/33 MP: 4/7
  2304 | D:$      | Got out of the dungeon alive.

Illustrated notes

Levels and vault maps discovered:
D:1:      dpeg_arrival_arbitrary_a, layout_basic,
          ebering_ecumenical_altar_petrified, grunt_decor_one_mirror,
          kennysheep_small_spiral
D:2:      layout_basic

Skill      XL: |  1  2 |
---------------+-------+-----
Transmutations | 1 |  1.0
Fighting       | 2 |  2.1
Armour         | 1 |  1.1
Earth Magic    | 3 |  3.1
Dodging        | |  1.7
Stealth        | |  1.7
Spellcasting   | |  2.4
Conjurations   | |  0.4

Action                   |  1- 3 |  4- 6 || total
-------------------------+-------+-------++-------
Melee: Unarmed           |    22 |       ||    22
       Dagger            |    80 |       ||    80
       Punch             |     1 |       ||     1
 Cast: Sandblast         |    26 |       ||    26
 Stab: Sleeping          |     4 |       ||     4
Armor: Robe              |    40 |       ||    40
Dodge: Dodged            |    72 |       ||    72
